 Dungeon Crawl Stone Soup version 0.30-a0-718-geaa24f58ff (webtiles) character file.

Game seed: 16797457573079415967

263 greatsheep the Shooter (level 5, -2/23 HPs)
             Began as a Spriggan Hunter on Jan 25, 2023.
             Was a Priest of Hepliaklqana.
             Slain by an orc wizard
             ... wielding a +0 dagger
              (3 damage)
             ... on level 4 of the Dungeon.
             The game lasted 00:04:31 (2182 turns).

greatsheep the Shooter (Spriggan Hunter)            Turns: 2182, Time: 00:04:32

Health: -2/23      AC:  2    Str:  7    XL:     5   Next: 98%
Magic:  6/6        EV: 18    Int: 10    God:    Hepliaklqana [***...]
Gold:   116        SH:  0    Dex: 21    Spells: 4/4 levels left

rFire   . . .      SeeInvis +    b - +1 dagger (elec)
rCold   + . .      Faith    .    (no shield)
rNeg    . . .      Spirit   .    c - +0 robe
rPois   .          Reflect  .    (helmet restricted)
rElec   .          Harm     .    (no cloak)
rCorr   .          Rampage  .    (gloves unavailable)
Will    .....                    (boots unavailable)
Stlth   ++                       (no amulet)
HPRegen 0.23/turn                (no ring)
MPRegen 0.10/turn                (no ring)

@: brilliant, attractive, invisible, very quick
A: reduced essence, very small, no large weapons, unfitting armour, see
invisible, speed 3, cold resistance 1
a: Renounce Religion, Recall Ancestor, Ancestor Identity, Transference


You were on level 4 of the Dungeon.
You worshipped Hepliaklqana.
Hepliaklqana was most pleased with you.
You visited 1 branch of the dungeon, and saw 4 of its levels.

You collected 116 gold pieces.

Inventory:

Hand Weapons
 a - a +0 shortbow
 b - a +1 dagger of electrocution (weapon)
Missiles
 i - a throwing net
Armour
 c - a +0 robe (worn)
Jewellery
 q - a ring of ice
Wands
 n - a wand of digging (4)
Scrolls
 d - a scroll of blinking {unknown}
 e - 5 scrolls of identify {unknown}
 g - a scroll of immolation
 h - 2 scrolls of teleportation {unknown}
 l - a scroll of vulnerability {unknown}
 m - a scroll of fear {unknown}
 o - a scroll of poison {unknown}


   Skills:
 + Level 2.2 Fighting
 * Level 6.9 Ranged Weapons
 + Level 2.8 Dodging
 + Level 1.5 Stealth


You had 4 spell levels left.
You didn't know any spells.
Your spell library contained the following spells:

 Spells                   Type           Power      Damage    Failure   Level
 Sublimation of Blood     Necr           0%         N/A       50%         2
 Wereblood                Tmut           0%         N/A       50%         2
 Ozocubu's Armour         Ice            0%         N/A       75%         3
 Ozocubu's Refrigeration  Ice            0%         4d7       100%        7
 Summon Hydra             Summ           0%         N/A       100%        7


Dungeon Overview and Level Annotations

Branches:
Dungeon (4/15)
 Temple: D:4-7

Altars:
Hepliaklqana
Sif Muna


Innate Abilities, Weirdness & Mutations

Your life essence is reduced to manifest your ancestor. (-10% HP)
You are very small and have problems with some larger weapons.
You are too small for most types of armour.
You have supernaturally acute eyesight. (SInv)
You cover ground extremely quickly. (Speed+++)
Your flesh is cold resistant. (rC+)


Message History

The arrow closely misses the orc wizard.
You shoot an arrow. The arrow hits the orc wizard.
The orc wizard is severely wounded.
You shoot an arrow. The arrow hits the orc wizard.
The orc wizard is almost dead.
You shoot an arrow.
The arrow closely misses the orc wizard.
The orc wizard barely misses you.
The orc wizard points at you and mumbles some strange words.
You are confused.
You are too confused!
Okay, then.
It was a potion of brilliance.
You feel clever all of a sudden. The orc wizard barely misses you.
It was a potion of mutation.
You feel extremely strange.
You feel resistant to cold. The orc wizard casts a spell at you.
The magic dart hits you.
It was a potion of invisibility.
You fade into invisibility!
The orc wizard misses you.
It was a potion of attraction.
You feel attractive to monsters. The orc wizard completely misses you.
You are too confused!
You bump into the rock wall.
The orc wizard hits you with a +0 dagger.
You hear the crackle of electricity.
b - a +1 dagger of electrocution (weapon)
The orc wizard is attracted toward you.
You're too confused to move!
You feel less confused.
The orc wizard gestures at you while chanting.
The magic dart hits you!
* * * LOW HITPOINT WARNING * * *
You completely miss the orc wizard.
The orc wizard is almost dead.
The orc wizard hits you with a +0 dagger.
You die...

#.#.##.#.# #...
#.#.##.#.# #...
##.###.#.##.#.###...
.........##.#.......
########.##.#.###.#.
######............
#...............##
#.#######.........
#@..).)..#########
#o#.####........
#.#.# #########
#ยง#.# #.#.# #.#.#
#)#.# #.#.# #.#.#


You could see an orc wizard (unable to see you).

Vanquished Creatures
  A jelly (D:4)
  An orc priest (D:4)
  2 orc wizards (D:4)
  5 adders
  An ufetubus (D:4)
  2 worms
  3 dart slugs
  2 orcs
  7 ball pythons
  9 endoplasms
  4 giant cockroaches
  11 hobgoblins
  5 kobolds
  A quokka (D:2)
  7 bats
  A frilled lizard (D:2)
  4 goblins
  A rat (D:2)
67 creatures vanquished.

Vanquished Creatures (collateral kills)
  Terence (D:3)
  A hobgoblin (D:2)
  A kobold (D:2)
  A bat (D:2)
4 creatures vanquished.

Vanquished Creatures (others)
  4 plants (D:2)
4 creatures vanquished.

Grand Total: 75 creatures vanquished

Notes
Turn   | Place    | Note
-------+----------+-------------------------------------------
     0 | D:1      | greatsheep the Spriggan Hunter began the quest for the Orb.
     0 | D:1      | Reached XP level 1. HP: 10/10 MP: 2/2
   176 | D:1      | Found a faded altar of an unknown god.
   189 | D:1      | Reached XP level 2. HP: 15/15 MP: 3/3
   208 | D:1      | Prayed at the altar of an unknown god.
   208 | D:1      | Became a worshipper of Hepliaklqana the Forgotten
   208 | D:1      | Reached * piety under Hepliaklqana
   710 | D:2      | Reached XP level 3. HP: 16/16 MP: 4/4
   744 | D:2      | Reached skill level 5 in Ranged Weapons
   757 | D:2      | Found a shimmering blue altar of Sif Muna.
   988 | D:2      | Reached ** piety under Hepliaklqana
   990 | D:2      | Remembered your ancestor Plumbles as a knight
  1015 | D:2      | Reached XP level 4. HP: 20/20 MP: 5/5
  1356 | D:3      | Noticed Terence
  1373 | D:3      | Killed Terence
  1616 | D:3      | Reached skill level 6 in Ranged Weapons
  1976 | D:4      | Reached *** piety under Hepliaklqana
  1998 | D:4      | Reached XP level 5. HP: 23/23 MP: 6/6
  2175 | D:4      | Gained mutation: Your flesh is cold resistant. (rC+)
                  | [potion of mutation]
  2181 | D:4      | HP: 1/23 [orc wizard/magic dart (11)]
  2182 | D:4      | Slain by an orc wizard

Illustrated notes

Levels and vault maps discovered:
D:1:      elethiomel_arrival_infinity_welcomes_careful_drivers, layout_basic,
          shapermc_ecumenical_altar_starsandcircs
D:2:      layout_basic, serial_bayou, serial_bayou_pond_e, serial_bayou_pond_a,
          serial_bayou_ford_a, serial_bayou_pond_b, basic_altar,
          hangedman_decor_peaks_small, minmay_misc_feat_x
D:3:      layout_loops_ring, amethyst_killhole, uniq_terence
D:4:      layout_basic, nemelex_dance_club_becter, mainiacjoe_overflow_alcove_4

Skill      XL: |  1  2  3  4 |
---------------+-------------+-----
Ranged Weapons | 5 6 |  6.9
Fighting       | 2 |  2.2
Dodging        | |  2.8
Stealth        | |  1.5

Action                     |  1- 3 |  4- 6 || total
---------------------------+-------+-------++-------
  Melee: Dagger            |       |     1 ||     1
   Fire: Shortbow          |    79 |    94 ||   173
 Invoke: Recall Ancestor   |     1 |     2 ||     3
         Ancestor Life: Kn |     1 |       ||     1
         Ancestor Identity |     1 |       ||     1
    Use: Potion            |       |     4 ||     4
 Armour: Robe              |     2 |     3 ||     5
  Dodge: Dodged            |     8 |    17 ||    25

Table legend: (Time is in decaauts)
 A = Elapsed time spent in this place.
 B = Non-inter-level travel time spent in this place.
 C = Inter-level travel time spent in this place.
 D = Time resting spent in this place.
 E = Time spent auto-exploring this place.
 F = Levels seen in this place.
 G = Mean time per level.
                   A        B        C        D        E       F      G
               +--------+--------+--------+--------+--------+-----+--------+
         Total |   1504 |   1470 |     34 |      2 |   1135 |   4 |  376.0 |
       Dungeon |   1504 |   1470 |     34 |      2 |   1135 |   4 |  376.0 |
               +--------+--------+--------+--------+--------+-----+--------+

Top non-repeatable levels by time:
     D:1: 466 daAuts
     D:3: 439 daAuts
     D:2: 412 daAuts
     D:4: 184 daAuts
